 Dungeon Crawl Stone Soup version 0.30-b1-2-g02819fbbbe (webtiles) character file.

Game seed: 14914995860215109418

2 Alarkh the Vexing (level 1, 0/15 HPs)
             Began as a Demonspawn Hexslinger on May 23, 2023.
             Slain by a gnoll
             ... wielding a +0 club
              (4 damage)
             ... on level 1 of the Dungeon.
             The game lasted 00:00:11 (126 turns).

Alarkh the Vexing (Demonspawn Hexslinger)            Turns: 126, Time: 00:00:12

Health: 0/15       AC:  2    Str: 10    XL:     1   Next: 25%
Magic:  1/2        EV: 12    Int: 14    God:
Gold:   12         SH:  0    Dex: 13    Spells: 1/2 levels left

rFire   . . .        a - +1 sling
rCold   . . .        (no shield)
rNeg    . . .        c - +0 robe
rPois   .            (no helmet)
rElec   .            (no cloak)
rCorr   .            (no gloves)
SInv    .            (no boots)
Will    .....        (no amulet)
Stlth   +            (no ring)
HPRegen 0.22/turn    (no ring)
MPRegen 0.08/turn

%: no passive effects
@: no status effects
A: no striking features
a: no special abilities


You were on level 1 of the Dungeon.
You visited 1 branch of the dungeon, and saw 1 of its levels.

You collected 12 gold pieces.

Inventory:

Hand Weapons
 a - a +1 sling (weapon)
Missiles
 d - 5 poisoned darts
Armour
 c - a +0 robe (worn)
Scrolls
 b - a scroll of poison
 e - 2 scrolls of identify {unknown}
 g - a scroll of teleportation {unknown}
Potions
 f - a potion of curing {unknown}


   Skills:
 - Level 1.0 Fighting
 + Level 2.0 Ranged Weapons
 - Level 1.7 Dodging
 - Level 1.0 Spellcasting
 - Level 3.0 Hexes


You had one spell level left.
You knew the following spells:

 Your Spells              Type           Power      Damage    Failure   Level
a - Slow                  Hex            36%        N/A       8%          1

Your spell library contained the following spells:

 Spells                   Type           Power      Damage    Failure   Level
 Inner Flame              Hex/Fire       4%         N/A       38%         3
 Portal Projectile        Hex/Tloc       8%         N/A       38%         3
 Cause Fear               Hex            4%         N/A       58%         4


Dungeon Overview and Level Annotations

Branches:
Dungeon (1/15)

Altars:


Message History

You kill the quokka!
Your Ranged Weapons skill increases to level 2!
No target in view!
HP restored.
e - 2 scrolls labelled HERINN YPIRCH (gained 1)
A gnoll comes into view. It is wielding a +0 club.
A gnoll is nearby!
A gnoll is nearby!
You shoot a sling bullet. The sling bullet hits the gnoll.
The gnoll shouts!
The gnoll is moderately wounded.
You shoot a sling bullet.
The sling bullet closely misses the gnoll.
The gnoll barely misses you.
You shoot a sling bullet.
The sling bullet closely misses the gnoll.
The gnoll barely misses you. The gnoll completely misses you.
You shoot a sling bullet.
The sling bullet closely misses the gnoll.
The gnoll closely misses you.
You shoot a sling bullet.
The sling bullet closely misses the gnoll.
The gnoll misses you.
You shoot a sling bullet. The sling bullet hits the gnoll.
The gnoll is heavily wounded.
The gnoll misses you.
You shoot a sling bullet.
The sling bullet barely misses the gnoll.
The gnoll hits you with a +0 club!
Ouch! That really hurt!
The gnoll hits you with a +0 club.
* * * LOW HITPOINT WARNING * * *
You are too injured to fight recklessly!
Okay, then.
Aiming: Slow (safe; 8% risk of failure)
Press: ? - help, Q - select action, (/) - cycle Shift-Dir - straight line, f/p - gnoll
Aim: a gnoll, wielding a +0 club (heavily wounded, chance to affect: 51%)
The gnoll resists with significant effort.
The gnoll hits you with a +0 club.
You die...

...##..#.###.#
........... ...... ...#
##.##..#.###.##... ...
...................$. ##
##.##.##.###.##..#.. ..
#.##.##.###.##..#.#.###
#.##...................
##.##.##.#.......g...#
....#.##.#.#.#..@#
.................#
......##.#.#.#...#
###.#.##...#.#...#
##.#.##.#.#.#...########
......†.#...............
................########
##.######.#.#..## #
######.#.#..#


You could see a gnoll.

Vanquished Creatures
  A quokka (D:1)
  A rat (D:1)
2 creatures vanquished.

Notes
Turn   | Place    | Note
-------+----------+-------------------------------------------
     0 | D:1      | Alarkh the Demonspawn Hexslinger began the quest for the
                  | Orb.
     0 | D:1      | Reached XP level 1. HP: 15/15 MP: 2/2
   126 | D:1      | Slain by a gnoll

Illustrated notes

Levels and vault maps discovered:
D:1:      heliophobic_arrival_henge, layout_basic, serial_shops, shop, shop,
          shop, nicolae_shop_tiny_real_fake_doors,
          nicolae_shop_just_a_little_nook

Skill      XL: |  1 |
---------------+----+-----
Ranged Weapons | 2 |  2.0
Fighting       | |  1.0
Dodging        | |  1.7
Spellcasting   | |  1.0
Hexes          | |  3.0

Action                     || total
---------------------------++-------
   Fire: Sling             ||    14
   Cast: Slow              ||     1
  Dodge: Dodged            ||     6
